 Dungeon Crawl Stone Soup version 0.31-a0-152-g6aa68a64a1 (webtiles) character file.

Game seed: 6387234215337899787

450 qw the Chopper (level 7, -6/44 HPs)
             Began as a Gargoyle Fighter on June 10, 2023.
             Mangled by an ogre
             ... wielding a +0 giant spiked club
              (17 damage)
             ... on level 5 of the Dungeon.
             The game lasted 00:01:38 (3706 turns).

qw the Chopper (Gargoyle Fighter)                   Turns: 3706, Time: 00:01:38

Health: -6/44      AC: 14    Str: 22    XL:     7   Next: 4%
Magic:  7/7        EV: 10    Int:  8    God:
Gold:   320        SH:  4    Dex:  9    Spells: 6/6 levels left

rFire   + . .        Y - +1 war axe
rCold   . . .        c - +0 buckler
rNeg    + . .        l - +2 ring mail {rF+}
rPois   inf          i - +0 helmet
rElec   +            n - +0 cloak
rCorr   .            (no gloves)
SInv    .            (no boots)
Will    +....        (no amulet) Stlth
                     e - ring of willpower
HPRegen 0.27/turn    (no ring)
MPRegen 0.10/turn

%: no passive effects
@: no status effects
A: sickness immunity, AC +4, negative energy resistance 1, electricity
resistance, torment resistance 1, petrification resistance
a: no special abilities


You were on level 5 of the Dungeon.
You visited 1 branch of the dungeon, and saw 5 of its levels.

You collected 320 gold pieces.


Innate Abilities, Weirdness & Mutations

You are immune to sickness and miasma.
Your stone body is resilient. (AC +4)
You are immune to poison.
You resist negative energy. (rN+)
You are resistant to electric shocks. (rElec)
You are resistant to unholy torment.
You are immune to petrification.


   Skills:
 - Level 4.3 Fighting
 + Level 5.9 Axes
 - Level 3.2 Armour
 - Level 1.5 Dodging
 - Level 3.2 Shields


You had 6 spell levels left.
You didn't know any spells.
Your spell library was empty.

Inventory:

Hand Weapons
 f - a +1 flail of holy wrath
 Y - a +1 war axe (weapon)
Armour
 b - a +0 plate armour
 c - a +0 buckler (worn)
 i - a +0 helmet (worn)
 l - a +2 ring mail of fire resistance (worn)
 n - a +0 cloak (worn)
Jewellery
 e - a ring of willpower (left hand)
Scrolls
 g - a scroll of identify
Potions
 a - a potion of enlightenment {unknown}
 d - a potion of might
 h - a potion of magic {unknown}
 j - a potion of curing {unknown}
 k - a potion of lignification {unknown}

Dungeon Overview and Level Annotations

Branches:
Dungeon (5/15)
 Temple: D:4-7

Altars:
Cheibriados
Kikubaaqudgha
Uskayaw

Shops:
D:1 (

Annotations:
D:4 Blork the orc


Message History

The ogre shouts!
The hound bites you.
You closely miss the hound.
The hound bites you but does no damage. x3
You closely miss the hound. The hound bites you. The hound closely misses you.
You barely miss the hound. The hound bites you but does no damage.
You hit the hound but do no damage. The hound bites you but does no damage.
You block the hound's attack.
You slash the hound!
The hound is severely wounded.
The hound closely misses you. You block the hound's attack.
You slash the hound!
You kill the hound!
You have reached level 7!
You barely miss the ogre.
The ogre hits you with a +0 giant spiked club!
You barely miss the ogre. The ogre barely misses you.
You barely miss the ogre.
The ogre hits you with a +0 giant spiked club.
You hit the ogre.
The ogre is lightly wounded.
You barely miss the ogre.
The ogre is lightly wounded.
The ogre hits you with a +0 giant spiked club!
You barely miss the ogre.
The ogre is lightly wounded.
The ogre barely misses you.
You barely miss the ogre.
The ogre is lightly wounded.
The ogre barely misses you.
You completely miss the ogre.
The ogre is lightly wounded.
The ogre hits you with a +0 giant spiked club!
You slash the ogre!
The ogre is heavily wounded.
The ogre hits you with a +0 giant spiked club!
You die...

#.....)..>.....##.........
#....%%....#...##.........
#..............##....<....
#............#.##...###.##
#...............#...# .#
#.................#####
.........#...##.......#
.............##.####...
.......####..##.@# ..
........# ...###.O.#
........^.#.## ###..#
.........## #...
.......... ...#
........... #..<
............ #.. ..


You could see an ogre.

Vanquished Creatures
  A black bear (D:5)
  3 scorpions (D:5)
  A hound (D:5)
  4 adders
  3 gnolls (D:4)
  A white imp (D:4)
  An ufetubus (D:2)
  3 worms
  3 dart slugs
  An orc (D:2)
  10 bats
  4 endoplasms
  2 giant cockroaches (D:1)
  4 goblins
  6 hobgoblins
  3 jackals (D:4)
  5 kobolds
  3 quokkas
  6 ball pythons
  A frilled lizard (D:1)
  4 rats
69 creatures vanquished.

Notes
Turn   | Place    | Note
-------+----------+-------------------------------------------
     0 | D:1      | qw the Gargoyle Fighter began the quest for the Orb.
     0 | D:1      | Reached XP level 1. HP: 14/14 MP: 1/1
     0 | D:1      | 0 ||| qw: Version: 0.2-a-123-gb51047a
     0 | D:1      | 0 ||| qw: Game counter: 3700
     0 | D:1      | 0 ||| qw: Always use a shield: true
     0 | D:1      | 0 ||| qw: God list: Okawaru
     0 | D:1      | 0 ||| qw: Allow faded altars: false
     0 | D:1      | 0 ||| qw: Do Orc after D:15 true
     0 | D:1      | 0 ||| qw: Do second Lair branch before Depths: true
     0 | D:1      | 0 ||| qw: Lair rune preference: random
     0 | D:1      | 0 ||| qw: Plans: Normal, Zot:1-4, Slime:5, God:TSO, Crypt,
                  | Tomb, Abyss, Pan, Hells, Win
     0 | D:1      | 0 ||| PLANNING D:1-11
    37 | D:1      | Reached skill level 2 in Axes
   130 | D:1      | Reached XP level 2. HP: 16/19 MP: 2/2
   506 | D:1      | Found Tomifobb's Weapon Emporium.
   512 | D:1      | 512 ||| SHOPLISTING +0 mace (30 gold, have 25).
   913 | D:1      | 913 ||| READING scroll labelled OBIDUGH MEYRU.
   914 | D:1      | 914 ||| READING scroll labelled EMNOME XOAS.
   915 | D:1      | 915 ||| DRINKING 2 viscous sapphire potions.
   919 | D:1      | 919 ||| DRINKING 2 metallic yellow potions.
   920 | D:1      | 920 ||| DROPPING potion of ambrosia.
   967 | D:2      | Reached skill level 3 in Axes
   967 | D:2      | Reached XP level 3. HP: 23/23 MP: 3/3
  1112 | D:2      | 1112 ||| DROPPING +0 club.
  1147 | D:2      | 1147 ||| Stepping ~*~*~tactically~*~*~ (hiding).
  1176 | D:2      | 1176 ||| Stepping ~*~*~tactically~*~*~ (hiding).
  1669 | D:2      | Reached XP level 4. HP: 28/28 MP: 4/4
  1813 | D:2      | 1813 ||| DROPPING +6 ring of intelligence.
  1895 | D:3      | 1895 ||| FLEEEEING.
  1903 | D:3      | 1903 ||| STAIRDANCE
  1914 | D:2      | 1914 ||| READING scroll labelled OTIETA GYNKO.
  1930 | D:3      | Reached skill level 4 in Axes
  2043 | D:3      | Found a snail-covered altar of Cheibriados.
  2064 | D:3      | 2064 ||| Stepping ~*~*~tactically~*~*~ (hiding).
  2439 | D:3      | Found an ancient bone altar of Kikubaaqudgha.
  2612 | D:3      | 2612 ||| UPGRADING to +0 helmet.
  2617 | D:3      | 2617 ||| UPGRADING to +2 ring mail of fire resistance.
  2627 | D:3      | 2627 ||| DROPPING +0 scale mail.
  2628 | D:3      | 2628 ||| UPGRADING to +0 cloak.
  2633 | D:3      | 2633 ||| READING scroll labelled ASTYQAISAY.
  2734 | D:3      | 2734 ||| DRINKING 2 fuming cyan potions.
  2735 | D:3      | 2735 ||| DROPPING potion of brilliance.
  2839 | D:4      | Found a hide-covered altar of Uskayaw.
  2866 | D:4      | Reached XP level 5. HP: 14/32 MP: 5/5
  2873 | D:4      | HP: 8/32 [white imp (1)]
  2873 | D:4      | HP: 3/32 [white imp (5)]
  2874 | D:4      | 2874 ||| DRINKING potion of heal wounds.
  2894 | D:4      | 2894 ||| DROPPING +0 whip.
  3139 | D:4      | Noticed Blork the orc
  3140 | D:4      | 3140 ||| DROPPING ring of flight.
  3379 | D:4      | 3379 ||| UPGRADING to ring of willpower.
  3380 | D:4      | 3380 ||| READING scroll labelled ZUSMAM FEFAEMA.
  3381 | D:4      | 3381 ||| READING scroll labelled VUITZA MOI.
  3425 | D:5      | Entered Level 5 of the Dungeon
  3441 | D:5      | Noticed a black bear
  3452 | D:5      | Reached skill level 5 in Axes
  3455 | D:5      | Reached skill level 1 in Dodging
  3455 | D:5      | Reached XP level 6. HP: 21/37 MP: 6/6
  3465 | D:5      | HP: 4/37 [black bear (7)]
  3466 | D:5      | Killed a black bear
  3598 | D:5      | 3598 ||| DROPPING +0 flail.
  3698 | D:5      | Reached XP level 7. HP: 42/44 MP: 7/7
  3705 | D:5      | HP: 10/44 [ogre/+0 giant spiked club (9)]
  3706 | D:5      | Mangled by an ogre

Levels and vault maps discovered:
D:1:      eino_arrival_druids_welcome, layout_basic, serial_shops,
          nicolae_shop_bloodbath_and_beyond, st_stairs_8
D:2:      layout_basic
D:3:      layout_loops_ring, kiku_gazebo_garden_becter, slow_altar_1
D:4:      layout_basic, tgw_sif, amcnicky_altar_gilded
D:5:      layout_rooms, nicolae_ashenzari_panopticon,
          minmay_temple_entry_stoned_glass

Skill      XL: |  1  2  3  4  5  6 |
---------------+-------------------+-----
Axes           | 2 3 4 5 |  5.9
Dodging        | 1 |  1.5
Fighting       | 4 |  4.3
Armour         | |  3.2
Shields        | |  3.2

Action                     |  1- 3 |  4- 6 |  7- 9 || total
---------------------------+-------+-------+-------++-------
  Melee: War axe           |   105 |   125 |     9 ||   239
    Use: Scroll            |     2 |     4 |       ||     6
         Potion            |     2 |     2 |       ||     4
 Armour: Scale mail        |    55 |    29 |       ||    84
         Ring mail         |       |    68 |       ||    68
  Dodge: Dodged            |    36 |    80 |     3 ||   119
  Block: Buckler           |    25 |    29 |       ||    54

Table legend:
 A = Non-vault XP
 B = Vault XP
 C = Vault XP percentage of total XP
 D = Non-vault monster count
 E = Vault monster count
 F = Vault count percentage of total count
                 A         B        C        D         E       F
            +---------+---------+-------+---------+---------+-------
      Total |     635 |       9 |   1.4 |      65 |       4 |   5.8
            +---------+---------+-------+---------+---------+-------
        D:1 |      25 |       4 |  13.8 |      15 |       3 |  16.7
        D:2 |      59 |       0 |   0.0 |      14 |       0 |   0.0
        D:3 |      40 |       5 |  11.1 |      17 |       1 |   5.6
        D:4 |      86 |       0 |   0.0 |      14 |       0 |   0.0
        D:5 |     425 |       0 |   0.0 |       5 |       0 |   0.0
            +---------+---------+-------+---------+---------+-------
